 Dungeon Crawl Stone Soup version 0.18-a0-888-gdb73dea (webtiles) character file.

105 4thArraOfDagon the Skirmisher (level 4, 0/38 HPs)
             Began as a Mummy Wanderer on Dec 23, 2015.
             Slain by a mummy (12 damage)
             ... in an ossuary.
             The game lasted 00:04:04 (710 turns).

4thArraOfDagon the Skirmisher (Mummy Wanderer)       Turns: 710, Time: 00:04:04

Health: 0/38       AC:  8    Str: 13    XL:     4   Next: 53%
Magic:  4/4        EV:  6    Int:  9    God:
Gold:   57         SH:  0    Dex: 13    Spells: 0 memorised, 3 levels left

rFire  x . .     SeeInvis .     a - +2 shortbow
rCold  + . .     Gourm    .     h - +0 chain mail
rNeg   + + +     Faith    .     (shield currently unavailable)
rPois  ∞         Spirit   .     (no helmet)
rElec  .         Dismiss  .     (no cloak)
rCorr  .         Reflect  .     (no gloves)
SustAt .         Harm     .     (no boots)
MR     .....                    (no amulet)
Stlth  ..........               (no ring)
                                d - -3 ring of intelligence (curse)

@: not resistant to hostile enchantments, extremely unstealthy
A: no food or potions, fire vulnerability, cold resistance 1, negative energy
resistance 3, torment resistance, unbreathing
a: no special abilities


You were in an ossuary.
You were not hungry.

You visited 1 branch of the dungeon, and saw 4 of its levels.
You also visited: Ossuary.

You collected 57 gold pieces.

Inventory:

Hand Weapons
 a - a +2 shortbow (weapon)
 e - a +0 spear
 f - a +2 dagger of speed
Missiles
 b - 15 arrows (quivered)
Armour
 h - a +0 chain mail (worn)
Jewellery
 d - a cursed -3 ring of intelligence (left hand)
Scrolls
 c - 2 scrolls of identify
 g - a scroll of random uselessness {unknown}
 i - a scroll of immolation {unknown}
 j - a scroll of magic mapping {unknown}
 k - a scroll of recharging {unknown}


   Skills:
 + Level 4.8 Fighting
 - Level 1.0 Polearms
 - Level 1.5 Bows
 - Level 1.0 Armour
 - Level 1.0 Dodging
 - Level 1.0 Stealth
   Level 1.0 Shields
   Level 1.0 Evocations


You had 3 spell levels left.
You didn't know any spells.

Dungeon Overview and Level Annotations

Branches:
Dungeon (4/15)
 Temple: D:4-7

Altars:


Innate Abilities, Weirdness & Mutations

You do not eat or drink.
Your flesh is vulnerable to fire.
You are immune to poison.
Your flesh is cold resistant.
You are immune to negative energy.
You are immune to unholy pain and torment.
You can survive without breathing.


Message History

Unknown command.
Unknown command.
The sentinel's mark upon you fades away.
Unknown command.
Found a yellow potion, an orange potion and a dark potion.
Unknown command.
Unknown command.
Unknown command.
Unknown command.
The mummy barely misses you.
Unknown command.
Unknown command.
The mummy barely misses you. x2
Unknown command.
Unknown command.
The gnoll zombie hits you.
Unknown command.
Unknown command.
The mummy hits you!
You die...

### ! !!! .? .# ..!
#. #.# #.# #.#
###'### #.### +.##
##.....## ##.'.#
#(.###.......###..#
+...#.........#M..+
#...(MM..⌠....@ZM.#
+...#.........#.M.+
#..###.......###..#
+M## ##.....## ##.+
#.# ###'### #.#
##.## #.# ##.##
#Z!!# ##.## #...#
#.!!# #.∩.# #..!#
##### #.∩.# #####


You could see 3 mummies and a gnoll zombie.

Vanquished Creatures
  A worker ant (D:4)
  A mummy (Ossuary)
  A hound skeleton (D:4)
  An adder (D:4)
  2 oozes
  A giant gecko (D:1)
  5 orcs
  A giant cockroach (D:1)
  2 hobgoblins (D:1)
  2 jackals (D:4)
  A quokka (D:3)
  3 bats
  A giant gecko skeleton (D:4)
  A giant newt (D:4)
  3 goblins
  A kobold (D:3)
  A quokka skeleton (D:4)
  4 rats
32 creatures vanquished.

Notes
Turn   | Place    | Note
--------------------------------------------------------------
     0 | D:1      | 4thArraOfDagon the Mummy Wanderer began the quest for the Orb.
     0 | D:1      | 4thArraOfDagon set off with: a +2 shortbow, 25 arrows, 2 scrolls of teleportation, a +0 robe
     0 | D:1      | Reached XP level 1. HP: 16/16 MP: 1/1
   127 | D:1      | Reached XP level 2. HP: 23/23 MP: 2/2
   192 | D:2      | Reached skill level 3 in Fighting
   322 | D:4      | Reached XP level 3. HP: 25/29 MP: 3/3
   472 | D:4      | Reached skill level 4 in Fighting
   548 | D:4      | Reached XP level 4. HP: 12/38 MP: 4/4
   631 | D:4      | Found a sand-covered staircase.
   640 | Ossuary  | Entered an ossuary
   710 | Ossuary  | Slain by a mummy

Vault maps used:
D:1:      onia_arrival_pyramid
D:2:      grunt_temple_overflow_growth_and_decay, tgw_trog,
          nicolae_overflow_crystal_walls
D:3:      okawaru_trees_1, first_bread, kennysheep_generic_room_12
D:4:      enter_ossuary_4, serial_bayou_crossing
Ossuary:  ossuary_crypta

Action                   |  1- 3 |  4- 6 || total
-------------------------+-------+-------++-------
Melee: Dagger            |   172 |    10 ||   182
       Spear             |     3 |       ||     3
 Fire: Shortbow          |     5 |     8 ||    13
  Use: Scroll            |     4 |     2 ||     6
